Crunch vs Reign
Created - March 20, 2022 at 21:04
Goals
|
| Crunch |
0 |
1 |
2 |
3 |
| Reign |
0 |
2 |
4 |
6 |
|
Shots
|
| Crunch |
3 |
13 |
14 |
30 |
| Reign |
6 |
13 |
14 |
33 |
|
1st period
No Goal
Penalties :
Jack Dougherty (Ont) for Hooking (Minor) at 5:12, Rourke Chartier (Ont) for High sticking (Minor) at 10:25, Jordan Oesterle (Syr) for Goalie Interference (Minor) at 16:09
2nd period
1. Reign , Rourke Chartier 16 (William Nylander 31) at 2:03
2. Reign , Thomas Chabot 7 (Andreas Martinsen 28, Nathan Gerbe 6) at 2:36
3. Crunch , Noah Hanifin 6 (Jordan Oesterle 14, Dylan Strome 8) at 14:32 (PP)
Penalties :
Nathan Gerbe (Ont) for Hooking (Minor) at 14:00, Anatoli Golyshev (Syr) for Close Hand On Puck (Minor) at 17:04
3rd period
4. Reign , Andreas Martinsen 25 (Nathan Gerbe 7) at 1:28
5. Reign , Thomas Chabot 8 (Rourke Chartier 20, William Nylander 32) at 2:17 (PP)
6. Reign , Andreas Martinsen 26 (Tyler Pitlick 30) at 7:42
7. Crunch , Teemu Hartikainen 23 (Christoffer Ehn 11) at 16:27 (PP)
8. Crunch , Brock Boeser 20 (Teemu Hartikainen 20, Noah Hanifin 26) at 16:37
9. Reign , Joachim Blichfeld 14 (Joel Eriksson Ek 14) at 17:27
Penalties :
Brendan Guhle (Syr) for Hooking (Minor) at 2:10, Matthew Tkachuk (Ont) for Fighting (Major) at 11:12, Noah Hanifin (Syr) for Fighting (Major) at 11:12, Jakob Chychrun (Ont) for Holding (Minor) at 11:15, Thomas Chabot (Ont) for Tripping (Minor) at 16:23
Goalie Stats
Kaapo Kahkonen (Syr), 27 saves from 33 shots - (0.818), L, 11-13-4, 60:00 minutes
Carter Hart (Ont), 27 saves from 30 shots - (0.900), W, 19-12-0, 60:00 minutes
Players Stats for Crunch
Player Name G A P +/- PIM S H SB GA TA FO MP PP MP PK MP
------------------------------------------------------------------------------------
Anatoli Golyshev 0 0 0 0 2 0 0 0 0 0 0/0 7:02 0:00 0:22
Anthony Cirelli 0 0 0 -1 0 0 0 0 0 0 1/1 18:03 2:56 0:47
Brendan Guhle 0 0 0 -1 2 0 0 1 0 1 0/0 18:39 2:28 1:52
Brock Boeser 1 0 1 -1 0 3 2 0 1 0 0/1 21:07 3:29 2:03
Christoffer Ehn 0 1 1 -1 0 0 1 0 0 1 20/34 21:38 3:37 1:34
Connor Bunnaman 0 0 0 -2 0 0 1 1 0 0 3/6 13:24 0:00 0:00
Dalton Smith 0 0 0 -2 0 0 1 0 1 0 0/0 14:52 0:23 1:10
Dylan Strome 0 1 1 -1 0 3 2 0 1 0 9/12 17:43 2:56 0:18
Jacob Larsson 0 0 0 0 0 0 0 1 0 0 0/0 4:56 0:25 0:20
Jeremy Lauzon 0 0 0 -1 0 4 1 1 1 0 0/0 13:17 0:47 0:00
Jordan Oesterle 0 1 1 -2 2 3 2 1 0 1 0/0 27:43 4:05 1:02
Matt Roy 0 0 0 -1 0 0 2 2 0 0 0/0 18:19 2:28 1:52
Max McCormick 0 0 0 0 0 1 0 0 0 0 0/0 6:18 0:00 0:00
Michael Ferland 0 0 0 -1 0 7 2 0 0 1 1/1 17:24 2:56 0:05
Mitch Callahan 0 0 0 -2 0 0 1 0 0 0 0/0 13:37 0:08 0:00
Noah Hanifin 1 1 2 -2 5 3 0 1 0 1 0/0 23:44 2:53 2:13
Sean Walker 0 0 0 -1 0 0 2 1 0 0 0/0 13:20 0:00 0:51
Teemu Hartikainen 1 1 2 -1 0 6 5 1 1 0 2/4 24:45 3:14 1:51
Players Stats for Reign
Player Name G A P +/- PIM S H SB GA TA FO MP PP MP PK MP
------------------------------------------------------------------------------------
Andreas Martinsen 2 1 3 2 0 4 1 0 0 0 1/1 18:48 1:57 2:43
Austin Czarnik 0 0 0 0 0 3 2 0 0 0 0/0 10:48 0:00 0:00
Dylan Blujus 0 0 0 1 0 0 2 4 0 0 0/0 17:44 0:00 4:10
Jack Dougherty 0 0 0 1 2 1 3 1 0 1 0/0 15:50 1:27 0:00
Jakob Chychrun 0 0 0 1 2 0 1 1 0 0 0/0 16:37 2:38 0:00
Joachim Blichfeld 1 0 1 1 0 2 2 1 0 0 0/1 10:14 0:02 0:00
Joel Eriksson Ek 0 1 1 1 0 2 2 0 0 0 7/12 13:32 0:02 3:25
Jordan Schmaltz 0 0 0 1 0 2 1 0 0 1 0/0 18:46 0:00 4:10
Josh Anderson 0 0 0 1 0 0 0 0 0 0 0/0 9:52 0:02 0:00
Kurtis Macdermid 0 0 0 1 0 0 0 0 0 0 0/0 6:34 0:00 0:00
Logan Stanley 0 0 0 1 0 0 0 0 0 0 0/0 6:34 0:00 0:00
Matthew Tkachuk 0 0 0 1 5 1 0 0 0 1 0/3 15:34 2:06 0:00
Nathan Gerbe 0 2 2 2 2 1 0 0 1 0 5/13 14:24 0:00 0:20
Nikita Tryamkin 0 0 0 1 0 4 3 1 0 0 0/0 19:10 1:27 2:23
Phillip Danault 0 0 0 0 0 0 3 0 1 0 0/0 12:56 0:00 2:08
Rourke Chartier 1 1 2 1 2 2 1 1 1 0 9/24 16:26 2:06 0:00
Thomas Chabot 2 0 2 1 2 6 1 2 1 0 0/0 19:03 2:38 2:23
Trevor Moore 0 0 0 0 0 0 1 0 0 0 0/3 10:48 0:00 0:00
Tyler Pitlick 0 1 1 2 0 2 2 1 1 2 1/2 15:59 1:57 0:00
Tyson Jost 0 0 0 0 0 0 0 0 0 0 0/0 6:10 1:57 3:25
William Nylander 0 2 2 1 0 3 2 0 0 0 0/0 17:32 2:06 1:05
3 Stars
1 - Andreas Martinsen (Ont)
2 - Thomas Chabot (Ont)
3 - Joachim Blichfeld (Ont)
Power Play
Crunch - 2 on 5 Attempt(s) - 40.00%
Reign - 1 on 3 Attempt(s) - 33.33%
Penalty Kill
Crunch - 2 on 3 Attempt(s) - 66.67%
- Score 0 goal in Penalty Kill
Reign - 3 on 5 Attempt(s) - 60.00%
- Score 0 goal in Penalty Kill
Team Stat
Crunch - Hits : 22 - Faceoff Wins : 36 - Blocked Shots : 10 - Penalty Minutes : 11
Reign - Hits : 27 - Faceoff Wins : 23 - Blocked Shots : 12 - Penalty Minutes : 15
Official
Referees : Jon McIsaac and Mitch Dunning
Linesman : Ryan Galloway and Shandor Alphonso
Game Notes
Matthew Tkachuk and Noah Hanifin fight to a draw at 11:12 of 3rd period
Finance
Level 1 -- Attendance: 1885 (94.25%) -- Ticket Income $65,975
Level 2 -- Attendance: 923 (92.30%) -- Ticket Income $13,845
Total Attendance: 2808 (93.60%)
Total Ticket Income: $79,820
Other Income: $3,991
Total Income: $83,811
Crunch
5 vs 5 Forward
Center Left Wing Right Wing Time % Phy DF OF
1 Christoffer Ehn Teemu Hartikainen Brock Boeser 40 1 2 2
2 Dylan Strome Michael Ferland Anthony Cirelli 30 1 2 2
3 Connor Bunnaman Dalton Smith Mitch Callahan 20 1 2 2
4 Teemu Hartikainen Anatoli Golyshev Max McCormick 10 1 2 2
5 vs 5 Defense
Defense Defense Time % Phy DF OF
1 Jordan Oesterle Noah Hanifin 40 1 2 2
2 Brendan Guhle Matt Roy 30 1 2 2
3 Jeremy Lauzon Sean Walker 20 1 2 2
4 Jacob Larsson Jordan Oesterle 10 1 2 2
PowerPlay Forward
Center Left Wing Right Wing Time % Phy DF OF
1 Christoffer Ehn Teemu Hartikainen Brock Boeser 60 1 2 2
2 Dylan Strome Michael Ferland Anthony Cirelli 40 1 2 2
PowerPlay Defense
Defense Defense Time % Phy DF OF
1 Jordan Oesterle Noah Hanifin 60 1 2 2
2 Brendan Guhle Matt Roy 40 1 2 2
Penalty Kill 4 Players Forward
Center Wing Time % Phy DF OF
1 Teemu Hartikainen Brock Boeser 60 1 2 2
2 Christoffer Ehn Anthony Cirelli 40 1 2 2
Penalty Kill 4 Players Defense
Defense Defense Time % Phy DF OF
1 Jordan Oesterle Noah Hanifin 60 1 2 2
2 Brendan Guhle Matt Roy 40 1 2 2
Penalty Kill - 3 Players Forward
Forward Time % Phy DF OF
1 Teemu Hartikainen 60 1 2 2
2 Brock Boeser 40 1 2 2
Penalty Kill - 3 Players Defense
Defense Defense Time % Phy DF OF
1 Jordan Oesterle Noah Hanifin 60 1 2 2
2 Brendan Guhle Matt Roy 40 1 2 2
4 vs 4 Forward
Center Wing Time % Phy DF OF
1 Teemu Hartikainen Brock Boeser 60 1 2 2
2 Christoffer Ehn Anthony Cirelli 40 1 2 2
4 vs 4 Defense
Defense Defense Time % Phy DF OF
1 Jordan Oesterle Noah Hanifin 60 1 2 2
2 Brendan Guhle Matt Roy 40 1 2 2
Last Minutes Offensive
Center Left Wing Right Wing Defense Defense
Christoffer Ehn Teemu Hartikainen Brock Boeser Jordan Oesterle Noah Hanifin
Last Minutes Defensive
Center Left Wing Right Wing Defense Defense
Christoffer Ehn Teemu Hartikainen Brock Boeser Jordan Oesterle Noah Hanifin
Goaltenders
Starting : Kaapo Kahkonen
Backup : Josef Korenar
Extra Forwards
Normal : Dalton Smith, Mitch Callahan, Anatoli Golyshev - PP : Dalton Smith, Mitch Callahan - PK : Anatoli Golyshev
Extra Defensemen
Normal : Jeremy Lauzon, Sean Walker, Jacob Larsson - PP : Jeremy Lauzon - PK : Sean Walker, Jacob Larsson
Penalty Shots
Teemu Hartikainen, Brock Boeser, Christoffer Ehn, Anthony Cirelli, Michael Ferland
Scratches
Charles-Olivier Roussel (Healthy), Jared Staal (Healthy), Jayson Megna (Torn Left ACL Injury), Kyle Capobianco (Healthy), Michael Downing (Healthy)
Reign
5 vs 5 Forward
Center Left Wing Right Wing Time % Phy DF OF
1 Nathan Gerbe Andreas Martinsen Tyler Pitlick 30 1 2 2
2 Rourke Chartier William Nylander Matthew Tkachuk 30 1 2 2
3 Trevor Moore Phillip Danault Austin Czarnik 20 1 2 2
4 Joel Eriksson Ek Joachim Blichfeld Josh Anderson 20 1 2 2
5 vs 5 Defense
Defense Defense Time % Phy DF OF
1 Jordan Schmaltz Nikita Tryamkin 30 1 2 2
2 Dylan Blujus Thomas Chabot 30 1 2 2
3 Jack Dougherty Jakob Chychrun 30 1 2 2
4 Logan Stanley Kurtis Macdermid 10 1 2 2
PowerPlay Forward
Center Left Wing Right Wing Time % Phy DF OF
1 Rourke Chartier William Nylander Matthew Tkachuk 60 1 2 2
2 Tyson Jost Andreas Martinsen Tyler Pitlick 40 1 2 2
PowerPlay Defense
Defense Defense Time % Phy DF OF
1 Thomas Chabot Jakob Chychrun 60 1 2 2
2 Jack Dougherty Nikita Tryamkin 40 1 2 2
Penalty Kill 4 Players Forward
Center Wing Time % Phy DF OF
1 Joel Eriksson Ek Tyson Jost 60 1 2 2
2 Andreas Martinsen Phillip Danault 40 1 2 2
Penalty Kill 4 Players Defense
Defense Defense Time % Phy DF OF
1 Dylan Blujus Jordan Schmaltz 60 1 2 2
2 Nikita Tryamkin Thomas Chabot 40 1 2 2
Penalty Kill - 3 Players Forward
Forward Time % Phy DF OF
1 Andreas Martinsen 60 1 2 2
2 Tyson Jost 40 1 2 2
Penalty Kill - 3 Players Defense
Defense Defense Time % Phy DF OF
1 Dylan Blujus Jordan Schmaltz 60 1 2 2
2 Nikita Tryamkin Thomas Chabot 40 1 2 2
4 vs 4 Forward
Center Wing Time % Phy DF OF
1 William Nylander Tyler Pitlick 60 1 2 2
2 Rourke Chartier Matthew Tkachuk 40 1 2 2
4 vs 4 Defense
Defense Defense Time % Phy DF OF
1 Jordan Schmaltz Nikita Tryamkin 60 1 2 2
2 Dylan Blujus Thomas Chabot 40 1 2 2
Last Minutes Offensive
Center Left Wing Right Wing Defense Defense
Rourke Chartier William Nylander Tyler Pitlick Jakob Chychrun Thomas Chabot
Last Minutes Defensive
Center Left Wing Right Wing Defense Defense
Joel Eriksson Ek Andreas Martinsen Tyler Pitlick Dylan Blujus Jordan Schmaltz
Goaltenders
Starting : Carter Hart
Backup : Jordan Binnington
Extra Forwards
Normal : Tyson Jost, Andreas Martinsen, Joachim Blichfeld - PP : Joachim Blichfeld, Joel Eriksson Ek - PK : William Nylander
Extra Defensemen
Normal : Dylan Blujus, Thomas Chabot, Jakob Chychrun - PP : Jack Dougherty - PK : Thomas Chabot, Kurtis Macdermid
Penalty Shots
Rourke Chartier, Nathan Gerbe, Phillip Danault, Austin Czarnik, Joachim Blichfeld
Scratches
Blake Lizotte (Healthy), Bokondji Imama (Healthy), Jacob Josefson (Healthy), Joel Vermin (Healthy), Timo Meier (Bruised Right Shoulder Injury)
Michael Pezzetta (Healthy), Cal Petersen (Healthy), Sami Aittokallio (Healthy)
% Time on Ice - Crunch
Lines # - Real PCT - Wanted PCT - Time Play
Normal Forward
1 - 32% - 40% - 15:39
2 - 29% - 30% - 14:20
3 - 27% - 20% - 13:05
4 - 13% - 10% - 6:18
Normal Defense
1 - 41% - 40% - 20:04
2 - 28% - 30% - 13:59
3 - 25% - 20% - 12:25
4 - 6% - 10% - 2:54
PP Forward
1 - 55% - 60% - 3:37
2 - 45% - 40% - 2:56
PP Defense
1 - 62% - 60% - 4:05
2 - 38% - 40% - 2:28
PK Forward
1 - 81% - 60% - 3:18
2 - 19% - 40% - 0:47
PK Defense
1 - 54% - 60% - 2:13
2 - 46% - 40% - 1:52
PK3 Forward
1 - 0% - 60%
2 - 0% - 40%
PK3 Defense
1 - 0% - 60%
2 - 0% - 40%
44 Forward
1 - 0% - 60%
2 - 0% - 40%
44 Defense
1 - 0% - 60%
2 - 0% - 40%
Last Minute Offensive - 0:00
Last Minute Defensive - 0:00
Total
Forward - 60:00
Defense - 60:00
|
% Time on Ice - Reign
Lines # - Real PCT - Wanted PCT - Time Play
Normal Forward
1 - 30% - 30% - 14:54
2 - 29% - 30% - 14:08
3 - 22% - 20% - 10:48
4 - 19% - 20% - 9:32
Normal Defense
1 - 30% - 30% - 14:39
2 - 29% - 30% - 14:18
3 - 28% - 30% - 13:51
4 - 13% - 10% - 6:34
PP Forward
1 - 52% - 60% - 2:08
2 - 48% - 40% - 1:57
PP Defense
1 - 64% - 60% - 2:38
2 - 36% - 40% - 1:27
PK Forward
1 - 73% - 60% - 4:45
2 - 27% - 40% - 1:48
PK Defense
1 - 64% - 60% - 4:10
2 - 36% - 40% - 2:23
PK3 Forward
1 - 0% - 60%
2 - 0% - 40%
PK3 Defense
1 - 0% - 60%
2 - 0% - 40%
44 Forward
1 - 0% - 60%
2 - 0% - 40%
44 Defense
1 - 0% - 60%
2 - 0% - 40%
Last Minute Offensive - 0:00
Last Minute Defensive - 0:00
Total
Forward - 60:00
Defense - 60:00
|
Play-by-Play
1st period
0:01 of 1st period - Nathan Gerbe wins face-off versus Christoffer Ehn in neutral zone.
0:06 of 1st period - Snap shot by Andreas Martinsen.
0:06 of 1st period - Stopped by Kaapo Kahkonen with a rebound.
0:08 of 1st period - Wrist shot by Andreas Martinsen.
0:08 of 1st period - Shot Misses the Net.
0:10 of 1st period - Snap shot by Nikita Tryamkin.
0:10 of 1st period - Stopped by Kaapo Kahkonen with a rebound.
0:12 of 1st period - Wrist shot by Nikita Tryamkin.
0:12 of 1st period - Stopped by Kaapo Kahkonen with a rebound.
0:14 of 1st period - Wrist shot by Andreas Martinsen.
0:14 of 1st period - Shot Misses the Net.
0:40 of 1st period - Wrist shot by Michael Ferland.
0:40 of 1st period - Stopped by Carter Hart with a rebound.
1:48 of 1st period - Slapshot by Dylan Blujus.
1:48 of 1st period - Shot Blocked by Sean Walker.
2:18 of 1st period - Brock Boeser is hit by Jack Dougherty and loses puck.
2:39 of 1st period - Snap shot by Joachim Blichfeld.
2:39 of 1st period - Shot Misses the Net.
4:00 of 1st period - Wrist shot by Tyler Pitlick.
4:00 of 1st period - Shot Misses the Net.
4:12 of 1st period - Teemu Hartikainen is hit by Austin Czarnik and loses puck.
4:43 of 1st period - Joachim Blichfeld is hit by Dylan Strome and loses puck.
5:12 of 1st period - Minor Penalty to Jack Dougherty for Hooking.
5:13 of 1st period - Joel Eriksson Ek wins face-off versus Christoffer Ehn in Reign zone.
5:46 of 1st period - Backhand shot by Michael Ferland.
5:46 of 1st period - Stopped by Carter Hart with a rebound.
7:00 of 1st period - Nathan Gerbe is hit by Michael Ferland and loses puck.
7:12 of 1st period - Penalty to Jack Dougherty is over, Jack Dougherty is back on ice.
7:19 of 1st period - Tyson Jost is hit by Matt Roy and loses puck.
7:30 of 1st period - Brendan Guhle is hit by Nikita Tryamkin and loses puck.
8:02 of 1st period - Snap shot by Rourke Chartier.
8:02 of 1st period - Shot Misses the Net.
8:12 of 1st period - Snap shot by Tyler Pitlick.
8:12 of 1st period - Shot Misses the Net.
8:14 of 1st period - Wrist shot by Nathan Gerbe.
8:14 of 1st period - Stopped by Kaapo Kahkonen without a rebound.
8:15 of 1st period - Nathan Gerbe wins face-off versus Connor Bunnaman in Crunch zone.
8:34 of 1st period - Snap shot by Rourke Chartier.
8:34 of 1st period - Shot Blocked by Noah Hanifin.
8:50 of 1st period - Wrist shot by Mitch Callahan.
8:50 of 1st period - Shot Blocked by Jack Dougherty.
10:03 of 1st period - Snap shot by Dylan Strome.
10:03 of 1st period - Stopped by Carter Hart without a rebound.
10:04 of 1st period - Christoffer Ehn wins face-off versus Rourke Chartier in Reign zone.
10:25 of 1st period - Minor Penalty to Rourke Chartier for High sticking.
10:26 of 1st period - Christoffer Ehn wins face-off versus Joel Eriksson Ek in Reign zone.
11:00 of 1st period - Snap shot by Dylan Strome.
11:00 of 1st period - Shot Misses the Net.
12:25 of 1st period - Penalty to Rourke Chartier is over, Rourke Chartier is back on ice.
12:34 of 1st period - Snap shot by Phillip Danault.
12:34 of 1st period - Shot Misses the Net.
13:22 of 1st period - Brendan Guhle is hit by Jack Dougherty and loses puck.
13:59 of 1st period - Brendan Guhle is hit by Joel Eriksson Ek and loses puck.
14:36 of 1st period - Matthew Tkachuk is hit by Teemu Hartikainen and loses puck.
15:21 of 1st period - Slapshot by William Nylander.
15:21 of 1st period - Stopped by Kaapo Kahkonen without a rebound.
15:22 of 1st period - Connor Bunnaman wins face-off versus Rourke Chartier in Crunch zone.
15:31 of 1st period - Snap shot by William Nylander.
15:31 of 1st period - Stopped by Kaapo Kahkonen without a rebound.
15:32 of 1st period - Michael Ferland wins face-off versus Nathan Gerbe in Crunch zone.
15:32 of 1st period - Michael Ferland is hit by Thomas Chabot.
16:00 of 1st period - Wrist shot by Teemu Hartikainen.
16:00 of 1st period - Shot Blocked by Dylan Blujus.
16:09 of 1st period - Minor Penalty to Jordan Oesterle for Goalie Interference.
16:10 of 1st period - Teemu Hartikainen wins face-off versus Rourke Chartier in Crunch zone.
16:26 of 1st period - Slapshot by Rourke Chartier.
16:26 of 1st period - Shot Misses the Net.
17:39 of 1st period - Andreas Martinsen is hit by Teemu Hartikainen and loses puck.
18:09 of 1st period - Penalty to Jordan Oesterle is over, Jordan Oesterle is back on ice.
18:38 of 1st period - Backhand shot by Phillip Danault.
18:38 of 1st period - Shot Blocked by Jacob Larsson.
19:10 of 1st period - Brock Boeser is hit by Joachim Blichfeld and loses puck.
Goals for this period are 0 for Crunch vs 0 for Reign.
Shots for this period are 3 for Crunch vs 6 for Reign.
2nd period
0:01 of 2nd period - Christoffer Ehn wins face-off versus Rourke Chartier in neutral zone.
0:12 of 2nd period - Brock Boeser is hit by Nikita Tryamkin and loses puck.
0:25 of 2nd period - Christoffer Ehn is hit by Jordan Schmaltz and loses puck.
0:42 of 2nd period - Wrist shot by Teemu Hartikainen.
0:42 of 2nd period - Shot Misses the Net.
0:59 of 2nd period - Jordan Oesterle is hit by Tyler Pitlick and loses puck.
1:14 of 2nd period - Wrist shot by Mitch Callahan.
1:14 of 2nd period - Shot Blocked by Jakob Chychrun.
1:16 of 2nd period - Snap shot by Mitch Callahan.
1:16 of 2nd period - Shot Blocked by Rourke Chartier.
1:24 of 2nd period - Snap shot by Dalton Smith.
1:24 of 2nd period - Shot Misses the Net.
1:26 of 2nd period - Slapshot by Noah Hanifin.
1:26 of 2nd period - Stopped by Carter Hart with a rebound.
1:37 of 2nd period - Off-side.
1:38 of 2nd period - Dylan Strome wins face-off versus Trevor Moore in neutral zone.
1:59 of 2nd period - Off-side.
2:00 of 2nd period - Rourke Chartier wins face-off versus Connor Bunnaman in neutral zone.
2:03 of 2nd period - Slapshot by Rourke Chartier.
2:03 of 2nd period - Goal by Rourke Chartier - Crunch : 0 - Reign : 1.
2:04 of 2nd period - Christoffer Ehn wins face-off versus Matthew Tkachuk in neutral zone.
2:30 of 2nd period - Nathan Gerbe is hit by Jordan Oesterle.
2:36 of 2nd period - Slapshot by Thomas Chabot.
2:36 of 2nd period - Goal by Thomas Chabot - Crunch : 0 - Reign : 2.
2:37 of 2nd period - Christoffer Ehn wins face-off versus Rourke Chartier in neutral zone.
2:42 of 2nd period - Wrist shot by Brock Boeser.
2:42 of 2nd period - Deflect By Teemu Hartikainen.
2:42 of 2nd period - Stopped by Carter Hart without a rebound.
2:43 of 2nd period - Rourke Chartier wins face-off versus Teemu Hartikainen in Reign zone.
2:54 of 2nd period - Wrist shot by Nikita Tryamkin.
2:54 of 2nd period - Stopped by Kaapo Kahkonen with a rebound.
2:58 of 2nd period - Wrist shot by William Nylander.
2:58 of 2nd period - Deflect By Matthew Tkachuk.
2:58 of 2nd period - Stopped by Kaapo Kahkonen with a rebound.
3:12 of 2nd period - Wrist shot by Michael Ferland.
3:12 of 2nd period - Deflect By Dylan Strome.
3:12 of 2nd period - Stopped by Carter Hart without a rebound.
3:13 of 2nd period - Dylan Strome wins face-off versus Tyler Pitlick in Reign zone.
3:30 of 2nd period - Snap shot by Tyler Pitlick.
3:30 of 2nd period - Stopped by Kaapo Kahkonen with a rebound.
3:40 of 2nd period - Thomas Chabot is hit by Teemu Hartikainen and loses puck.
3:45 of 2nd period - Wrist shot by Teemu Hartikainen.
3:45 of 2nd period - Stopped by Carter Hart with a rebound.
4:05 of 2nd period - Snap shot by Nikita Tryamkin.
4:05 of 2nd period - Stopped by Kaapo Kahkonen with a rebound.
4:07 of 2nd period - Wrist shot by Joel Eriksson Ek.
4:07 of 2nd period - Stopped by Kaapo Kahkonen without a rebound.
4:08 of 2nd period - Christoffer Ehn wins face-off versus Nathan Gerbe in Crunch zone.
4:08 of 2nd period - Christoffer Ehn is hit by Jakob Chychrun.
4:18 of 2nd period - Wrist shot by Andreas Martinsen.
4:18 of 2nd period - Stopped by Kaapo Kahkonen with a rebound.
4:46 of 2nd period - Snap shot by Tyler Pitlick.
4:46 of 2nd period - Shot Misses the Net.
5:00 of 2nd period - Jordan Oesterle is hit by William Nylander and loses puck.
5:07 of 2nd period - Backhand shot by Michael Ferland.
5:07 of 2nd period - Stopped by Carter Hart without a rebound.
5:08 of 2nd period - Christoffer Ehn wins face-off versus Rourke Chartier in Reign zone.
5:23 of 2nd period - Snap shot by Teemu Hartikainen.
5:23 of 2nd period - Shot Blocked by Thomas Chabot.
5:43 of 2nd period - Snap shot by Dylan Strome.
5:43 of 2nd period - Stopped by Carter Hart with a rebound.
5:57 of 2nd period - Noah Hanifin is hit by Phillip Danault and loses puck.
6:06 of 2nd period - Wrist shot by Austin Czarnik.
6:06 of 2nd period - Stopped by Kaapo Kahkonen with a rebound.
6:28 of 2nd period - Slapshot by Jordan Oesterle.
6:28 of 2nd period - Shot Misses the Net.
9:05 of 2nd period - Wrist shot by Thomas Chabot.
9:05 of 2nd period - Shot Blocked by Jeremy Lauzon.
9:07 of 2nd period - Snap shot by Phillip Danault.
9:07 of 2nd period - Deflect By Austin Czarnik.
9:07 of 2nd period - Stopped by Kaapo Kahkonen with a rebound.
9:09 of 2nd period - Slapshot by Dylan Blujus.
9:09 of 2nd period - Shot Misses the Net.
9:23 of 2nd period - Jakob Chychrun is hit by Teemu Hartikainen and loses puck.
9:34 of 2nd period - Matthew Tkachuk is hit by Jordan Oesterle and loses puck.
9:53 of 2nd period - Wrist shot by Tyler Pitlick.
9:53 of 2nd period - Stopped by Kaapo Kahkonen without a rebound.
9:54 of 2nd period - Dylan Strome wins face-off versus Nathan Gerbe in Crunch zone.
10:40 of 2nd period - Snap shot by Teemu Hartikainen.
10:40 of 2nd period - Shot Misses the Net.
10:51 of 2nd period - Nathan Gerbe is hit by Teemu Hartikainen and loses puck.
11:02 of 2nd period - Slapshot by Dylan Blujus.
11:02 of 2nd period - Deflect By Matthew Tkachuk.
11:02 of 2nd period - Shot Blocked by Jordan Oesterle.
11:02 of 2nd period - Puck is out of play.
11:03 of 2nd period - Anthony Cirelli wins face-off versus Rourke Chartier in Crunch zone.
11:16 of 2nd period - Snap shot by Jordan Schmaltz.
11:16 of 2nd period - Deflect By William Nylander.
11:16 of 2nd period - Shot Hit the Post.
11:16 of 2nd period - Puck is out of play.
11:17 of 2nd period - Christoffer Ehn wins face-off versus Joel Eriksson Ek in Crunch zone.
11:17 of 2nd period - Christoffer Ehn is hit by Joel Eriksson Ek.
12:56 of 2nd period - Joachim Blichfeld is hit by Jeremy Lauzon and loses puck.
13:19 of 2nd period - Slapshot by Austin Czarnik.
13:19 of 2nd period - Shot Misses the Net.
13:21 of 2nd period - Snap shot by Phillip Danault.
13:21 of 2nd period - Shot Misses the Net.
13:33 of 2nd period - Brock Boeser is hit by William Nylander and loses puck.
14:00 of 2nd period - Minor Penalty to Nathan Gerbe for Hooking.
14:01 of 2nd period - Joel Eriksson Ek wins face-off versus Christoffer Ehn in Reign zone.
14:14 of 2nd period - Slapshot by Jordan Oesterle.
14:14 of 2nd period - Shot Hit the Post.
14:30 of 2nd period - Wrist shot by Jordan Oesterle.
14:30 of 2nd period - Stopped by Carter Hart with a rebound.
14:32 of 2nd period - Slapshot by Noah Hanifin.
14:32 of 2nd period - Goal by Noah Hanifin - Crunch : 1 - Reign : 2.
14:33 of 2nd period - Rourke Chartier wins face-off versus Christoffer Ehn in neutral zone.
14:36 of 2nd period - Noah Hanifin is hit by Nikita Tryamkin and loses puck.
14:49 of 2nd period - Snap shot by Brock Boeser.
14:49 of 2nd period - Shot Misses the Net.
15:27 of 2nd period - Wrist shot by Anatoli Golyshev.
15:27 of 2nd period - Deflect By Max McCormick.
15:27 of 2nd period - Stopped by Carter Hart without a rebound.
15:28 of 2nd period - Dylan Strome wins face-off versus Rourke Chartier in Reign zone.
15:31 of 2nd period - Slapshot by Michael Ferland.
15:31 of 2nd period - Stopped by Carter Hart with a rebound.
15:33 of 2nd period - Snap shot by Jordan Oesterle.
15:33 of 2nd period - Deflect By Rourke Chartier.
15:33 of 2nd period - Stopped by Carter Hart without a rebound.
15:34 of 2nd period - Rourke Chartier wins face-off versus Dylan Strome in Reign zone.
15:34 of 2nd period - Rourke Chartier is hit by Michael Ferland.
16:01 of 2nd period - Jakob Chychrun is hit by Brock Boeser and loses puck.
16:26 of 2nd period - Wrist shot by Dalton Smith.
16:26 of 2nd period - Shot Misses the Net.
16:28 of 2nd period - Wrist shot by Jordan Oesterle.
16:28 of 2nd period - Stopped by Carter Hart with a rebound.
16:30 of 2nd period - Slapshot by Noah Hanifin.
16:30 of 2nd period - Stopped by Carter Hart with a rebound.
16:32 of 2nd period - Snap shot by Dalton Smith.
16:32 of 2nd period - Shot Blocked by Dylan Blujus.
16:56 of 2nd period - Snap shot by Austin Czarnik.
16:56 of 2nd period - Stopped by Kaapo Kahkonen with a rebound.
16:58 of 2nd period - Slapshot by Dylan Blujus.
16:58 of 2nd period - Shot Misses the Net.
17:04 of 2nd period - Minor Penalty to Anatoli Golyshev for Close Hand On Puck.
17:05 of 2nd period - Teemu Hartikainen wins face-off versus Rourke Chartier in Crunch zone.
19:04 of 2nd period - Penalty to Anatoli Golyshev is over, Anatoli Golyshev is back on ice.
19:15 of 2nd period - Snap shot by Joel Eriksson Ek.
19:15 of 2nd period - Stopped by Kaapo Kahkonen with a rebound.
19:17 of 2nd period - Slapshot by Logan Stanley.
19:17 of 2nd period - Shot Misses the Net.
Goals for this period are 1 for Crunch vs 2 for Reign.
Shots for this period are 13 for Crunch vs 13 for Reign.
3rd period
0:01 of 3rd period - Christoffer Ehn wins face-off versus Rourke Chartier in neutral zone.
0:26 of 3rd period - Noah Hanifin is hit by Andreas Martinsen and loses puck.
0:47 of 3rd period - Dalton Smith is hit by Austin Czarnik and loses puck.
1:28 of 3rd period - Wrist shot by Andreas Martinsen.
1:28 of 3rd period - Goal by Andreas Martinsen - Crunch : 1 - Reign : 3.
1:29 of 3rd period - Christoffer Ehn wins face-off versus Rourke Chartier in neutral zone.
1:54 of 3rd period - Nathan Gerbe is hit by Dylan Strome and loses puck.
2:10 of 3rd period - Minor Penalty to Brendan Guhle for Hooking.
2:11 of 3rd period - Rourke Chartier wins face-off versus Teemu Hartikainen in Crunch zone.
2:15 of 3rd period - Slapshot by Thomas Chabot.
2:15 of 3rd period - Deflect By Jordan Oesterle.
2:15 of 3rd period - Stopped by Kaapo Kahkonen with a rebound.
2:17 of 3rd period - Slapshot by Thomas Chabot.
2:17 of 3rd period - Goal by Thomas Chabot - Crunch : 1 - Reign : 4.
2:18 of 3rd period - Christoffer Ehn wins face-off versus Rourke Chartier in neutral zone.
2:54 of 3rd period - Snap shot by Andreas Martinsen.
2:54 of 3rd period - Shot Misses the Net.
2:56 of 3rd period - Slapshot by Jordan Schmaltz.
2:56 of 3rd period - Stopped by Kaapo Kahkonen without a rebound.
2:57 of 3rd period - Joel Eriksson Ek wins face-off versus Christoffer Ehn in Crunch zone.
2:58 of 3rd period - Slapshot by Joachim Blichfeld.
2:58 of 3rd period - Shot Blocked by Teemu Hartikainen.
3:24 of 3rd period - Matthew Tkachuk is hit by Matt Roy and loses puck.
3:29 of 3rd period - Wrist shot by Michael Ferland.
3:29 of 3rd period - Stopped by Carter Hart without a rebound.
3:30 of 3rd period - Dylan Strome wins face-off versus Rourke Chartier in Reign zone.
3:31 of 3rd period - Slapshot by Michael Ferland.
3:31 of 3rd period - Stopped by Carter Hart without a rebound.
3:32 of 3rd period - Dylan Strome wins face-off versus Matthew Tkachuk in Reign zone.
4:01 of 3rd period - Slapshot by Christoffer Ehn.
4:01 of 3rd period - Shot Misses the Net.
4:52 of 3rd period - Wrist shot by Austin Czarnik.
4:52 of 3rd period - Deflect By Matt Roy.
4:52 of 3rd period - Shot Blocked by Brendan Guhle.
4:52 of 3rd period - Puck is out of play.
4:53 of 3rd period - Rourke Chartier wins face-off versus Dylan Strome in Crunch zone.
5:06 of 3rd period - Slapshot by Rourke Chartier.
5:06 of 3rd period - Stopped by Kaapo Kahkonen with a rebound.
5:08 of 3rd period - Wrist shot by Jordan Schmaltz.
5:08 of 3rd period - Stopped by Kaapo Kahkonen without a rebound.
5:09 of 3rd period - Nathan Gerbe wins face-off versus Christoffer Ehn in Crunch zone.
5:14 of 3rd period - Snap shot by Nathan Gerbe.
5:14 of 3rd period - Deflect By Noah Hanifin.
5:14 of 3rd period - Shot Misses the Net.
5:14 of 3rd period - Puck is out of play.
5:15 of 3rd period - Andreas Martinsen wins face-off versus Christoffer Ehn in Crunch zone.
6:06 of 3rd period - Dalton Smith is hit by Joachim Blichfeld and loses puck.
6:43 of 3rd period - Slapshot by Phillip Danault.
6:43 of 3rd period - Shot Misses the Net.
6:45 of 3rd period - Slapshot by Jakob Chychrun.
6:45 of 3rd period - Shot Blocked by Matt Roy.
7:01 of 3rd period - Off-side.
7:02 of 3rd period - Rourke Chartier wins face-off versus Dylan Strome in neutral zone.
7:11 of 3rd period - Sean Walker is hit by Rourke Chartier and loses puck.
7:28 of 3rd period - William Nylander is hit by Connor Bunnaman.
7:40 of 3rd period - Slapshot by Thomas Chabot.
7:40 of 3rd period - Stopped by Kaapo Kahkonen without a rebound.
7:41 of 3rd period - Tyler Pitlick wins face-off versus Brock Boeser in Crunch zone.
7:42 of 3rd period - Snap shot by Andreas Martinsen.
7:42 of 3rd period - Goal by Andreas Martinsen - Crunch : 1 - Reign : 5.
7:43 of 3rd period - Christoffer Ehn wins face-off versus Nathan Gerbe in neutral zone.
7:49 of 3rd period - Icing by Andreas Martinsen.
7:50 of 3rd period - Christoffer Ehn wins face-off versus Nathan Gerbe in Reign zone.
8:02 of 3rd period - Icing by Christoffer Ehn.
8:03 of 3rd period - Christoffer Ehn wins face-off versus Joel Eriksson Ek in Crunch zone.
8:47 of 3rd period - Icing by Andreas Martinsen.
8:48 of 3rd period - Dylan Strome wins face-off versus Nathan Gerbe in Reign zone.
8:55 of 3rd period - Snap shot by Michael Ferland.
8:55 of 3rd period - Stopped by Carter Hart without a rebound.
8:56 of 3rd period - Dylan Strome wins face-off versus Rourke Chartier in Reign zone.
9:01 of 3rd period - Wrist shot by Dylan Strome.
9:01 of 3rd period - Shot Misses the Net.
9:11 of 3rd period - Wrist shot by William Nylander.
9:11 of 3rd period - Stopped by Kaapo Kahkonen with a rebound.
9:26 of 3rd period - Snap shot by Austin Czarnik.
9:26 of 3rd period - Shot Misses the Net.
9:28 of 3rd period - Slapshot by Jack Dougherty.
9:28 of 3rd period - Stopped by Kaapo Kahkonen without a rebound.
9:29 of 3rd period - Joel Eriksson Ek wins face-off versus Christoffer Ehn in Crunch zone.
9:34 of 3rd period - Slapshot by Thomas Chabot.
9:34 of 3rd period - Stopped by Kaapo Kahkonen with a rebound.
9:56 of 3rd period - Backhand shot by Jeremy Lauzon.
9:56 of 3rd period - Shot Blocked by Dylan Blujus.
9:58 of 3rd period - Slapshot by Jeremy Lauzon.
9:58 of 3rd period - Stopped by Carter Hart without a rebound.
9:59 of 3rd period - Connor Bunnaman wins face-off versus Matthew Tkachuk in Reign zone.
10:06 of 3rd period - Snap shot by Rourke Chartier.
10:06 of 3rd period - Shot Misses the Net.
10:08 of 3rd period - Snap shot by Jack Dougherty.
10:08 of 3rd period - Shot Misses the Net.
10:10 of 3rd period - Slapshot by Jakob Chychrun.
10:10 of 3rd period - Shot Blocked by Connor Bunnaman.
10:26 of 3rd period - Teemu Hartikainen is hit by Tyler Pitlick and loses puck.
10:51 of 3rd period - Sean Walker is hit by Phillip Danault and loses puck.
11:11 of 3rd period - Slapshot by Jeremy Lauzon.
11:11 of 3rd period - Stopped by Carter Hart without a rebound.
11:12 of 3rd period - Rourke Chartier wins face-off versus Connor Bunnaman in Reign zone.
11:12 of 3rd period - Matthew Tkachuk and Noah Hanifin fight to a draw.
11:12 of 3rd period - Penalty to Matthew Tkachuk for Fighting.
11:12 of 3rd period - Penalty to Noah Hanifin for Fighting.
11:13 of 3rd period - Rourke Chartier wins face-off versus Christoffer Ehn in Reign zone.
11:15 of 3rd period - Minor Penalty to Jakob Chychrun for Holding.
11:16 of 3rd period - Joel Eriksson Ek wins face-off versus Christoffer Ehn in Reign zone.
12:21 of 3rd period - Slapshot by Nikita Tryamkin.
12:21 of 3rd period - Shot Blocked by Matt Roy.
13:15 of 3rd period - Penalty to Jakob Chychrun is over, Jakob Chychrun is back on ice.
13:15 of 3rd period - Andreas Martinsen is hit by Brock Boeser and loses puck.
14:40 of 3rd period - Off-side.
14:41 of 3rd period - Connor Bunnaman wins face-off versus Trevor Moore in neutral zone.
15:08 of 3rd period - Mitch Callahan is hit by Trevor Moore and loses puck.
15:25 of 3rd period - Mitch Callahan is hit by Phillip Danault and loses puck.
15:32 of 3rd period - Phillip Danault is hit by Dalton Smith and loses puck.
15:41 of 3rd period - Slapshot by Jeremy Lauzon.
15:41 of 3rd period - Stopped by Carter Hart with a rebound.
15:47 of 3rd period - Snap shot by Mitch Callahan.
15:47 of 3rd period - Shot Blocked by Nikita Tryamkin.
16:10 of 3rd period - Phillip Danault is hit by Mitch Callahan and loses puck.
16:15 of 3rd period - Slapshot by Jeremy Lauzon.
16:15 of 3rd period - Stopped by Carter Hart without a rebound.
16:16 of 3rd period - Nathan Gerbe wins face-off versus Christoffer Ehn in Reign zone.
16:16 of 3rd period - Nathan Gerbe is hit by Sean Walker.
16:23 of 3rd period - Minor Penalty to Thomas Chabot for Tripping.
16:24 of 3rd period - Christoffer Ehn wins face-off versus Joel Eriksson Ek in Reign zone.
16:27 of 3rd period - Snap shot by Teemu Hartikainen.
16:27 of 3rd period - Goal by Teemu Hartikainen - Crunch : 2 - Reign : 5.
16:28 of 3rd period - Christoffer Ehn wins face-off versus Nathan Gerbe in neutral zone.
16:33 of 3rd period - Snap shot by Teemu Hartikainen.
16:33 of 3rd period - Stopped by Carter Hart with a rebound.
16:35 of 3rd period - Snap shot by Teemu Hartikainen.
16:35 of 3rd period - Stopped by Carter Hart with a rebound.
16:37 of 3rd period - Slapshot by Brock Boeser.
16:37 of 3rd period - Goal by Brock Boeser - Crunch : 3 - Reign : 5.
16:38 of 3rd period - Joel Eriksson Ek wins face-off versus Christoffer Ehn in neutral zone.
16:42 of 3rd period - Off-side.
16:43 of 3rd period - Christoffer Ehn wins face-off versus Joel Eriksson Ek in neutral zone.
16:52 of 3rd period - Snap shot by Teemu Hartikainen.
16:52 of 3rd period - Stopped by Carter Hart without a rebound.
16:53 of 3rd period - Christoffer Ehn wins face-off versus Joachim Blichfeld in Reign zone.
16:54 of 3rd period - Wrist shot by Teemu Hartikainen.
16:54 of 3rd period - Shot Blocked by Joachim Blichfeld.
17:00 of 3rd period - Teemu Hartikainen is hit by Jack Dougherty and loses puck.
17:07 of 3rd period - Snap shot by Joachim Blichfeld.
17:07 of 3rd period - Stopped by Kaapo Kahkonen without a rebound.
17:08 of 3rd period - Christoffer Ehn wins face-off versus Trevor Moore in Crunch zone.
17:15 of 3rd period - Slapshot by Brock Boeser.
17:15 of 3rd period - Stopped by Carter Hart with a rebound.
17:21 of 3rd period - Slapshot by Thomas Chabot.
17:21 of 3rd period - Deflect By Jordan Oesterle.
17:21 of 3rd period - Stopped by Kaapo Kahkonen without a rebound.
17:22 of 3rd period - Joel Eriksson Ek wins face-off versus Christoffer Ehn in Crunch zone.
17:25 of 3rd period - Snap shot by Joachim Blichfeld.
17:25 of 3rd period - Shot Misses the Net.
17:27 of 3rd period - Wrist shot by Joachim Blichfeld.
17:27 of 3rd period - Goal by Joachim Blichfeld - Crunch : 3 - Reign : 6.
17:28 of 3rd period - Christoffer Ehn wins face-off versus Rourke Chartier in neutral zone.
17:39 of 3rd period - Wrist shot by Brock Boeser.
17:39 of 3rd period - Stopped by Carter Hart without a rebound.
17:40 of 3rd period - Nathan Gerbe wins face-off versus Christoffer Ehn in Reign zone.
17:40 of 3rd period - Nathan Gerbe is hit by Christoffer Ehn.
18:06 of 3rd period - Dylan Strome is hit by Dylan Blujus.
18:09 of 3rd period - Noah Hanifin is hit by Dylan Blujus and loses puck.
18:12 of 3rd period - Wrist shot by Matt Roy.
18:12 of 3rd period - Shot Blocked by Dylan Blujus.
18:14 of 3rd period - Slapshot by Brendan Guhle.
18:14 of 3rd period - Shot Blocked by Thomas Chabot.
19:09 of 3rd period - Icing by Jeremy Lauzon.
19:10 of 3rd period - Dylan Strome wins face-off versus Nathan Gerbe in Crunch zone.
19:18 of 3rd period - Nathan Gerbe is hit by Sean Walker and loses puck.
19:41 of 3rd period - Snap shot by Dalton Smith.
19:41 of 3rd period - Shot Blocked by Tyler Pitlick.
Goals for this period are 2 for Crunch vs 4 for Reign.
Shots for this period are 14 for Crunch vs 14 for Reign.